 Dungeon Crawl Stone Soup version 0.25-a0-503-ge281fa673e (webtiles) character file.

Game seed: 1252519284360626754, levelgen mode: deterministic

12715 Scisco the Nimble (level 11, -1/111 HPs)
             Began as a Green Draconian Berserker on Feb 12, 2020.
             Was an Elder of Trog.
             Slain by an orc knight
             ... wielding a +0 bardiche
              (22 damage)
             ... on level 1 of the Orcish Mines on Feb 13, 2020.
             The game lasted 00:50:48 (13576 turns).

Scisco the Nimble (Green Draconian Berserker)      Turns: 13576, Time: 00:50:48

Health: -1/111     AC: 15    Str: 22    XL:     11   Next: 66%
Magic:  6/6        EV: 18    Int:  6    God:    Trog [****..]
Gold:   438        SH:  0    Dex: 11    Spells: 10/10 levels left

rFire    . . .     SeeInvis .   y - +4 great sword (antimagic)
rCold    . . .     Gourm    .   (shield currently unavailable)
rNeg     . . .     Faith    .   (armour unavailable)
rPois    +         Spirit   .   x - +2 hat
rElec    .         Reflect  .   f - +0 cloak
rCorr    +         Harm     .   t - +0 pair of gloves
MR       ++...                  z - +2 pair of boots {Fly}
Stlth    +.........             h - amulet of the acrobat
HPRegen  1.28/turn              k - ring of resist corrosion
MPRegen  0.10/turn              A - ring of magical power

@: berserk cooldown, flying, regenerating, slowed, very slow
A: breathe noxious fumes, unfitting armour, dopey 1, sense surroundings 1,
poison resistance, robust 1, shaggy fur 1, cold-blooded, AC +7
a: Breathe Noxious Fumes, Berserk, Trog's Hand, Brothers in Arms, Renounce
Religion, Stop Flying


You were on level 1 of the Orcish Mines.
You worshipped Trog.
Trog was greatly pleased with you.
You were very hungry.

You visited 2 branches of the dungeon, and saw 14 of its levels.
You also visited: Sewer.

You collected 744 gold pieces.
You spent 306 gold pieces at shops.

Inventory:

Hand Weapons
 a - a +1 hand axe
 g - a +1 hand axe of freezing
 m - a +0 flail of pain
 o - a +1 hand axe of draining
 y - a +4 antimagic great sword (weapon)
Armour
 f - a +0 cloak (worn)
 t - a +0 pair of gloves (worn)
 x - a +2 hat (worn)
 z - a +2 pair of boots of flying (worn)
Jewellery
 h - an amulet of the acrobat (around neck)
 k - a ring of resist corrosion (left hand)
 l - an uncursed ring of wizardry
 n - an uncursed ring of ice
 w - an uncursed amulet of regeneration {unknown}
 A - a ring of magical power (right hand)
 B - an uncursed ring of ice
Wands
 c - a wand of paralysis (10)
 e - a wand of random effects (6)
 r - a wand of iceblast (15)
Scrolls
 j - 13 scrolls of identify
 q - 3 scrolls of enchant weapon
 s - 5 scrolls of teleportation
 u - 2 scrolls of remove curse
 v - 8 scrolls of amnesia
 C - 2 scrolls of magic mapping
Potions
 d - 3 potions of lignification
 i - a potion of curing
 p - 4 potions of haste
 D - 2 potions of flight {unknown}
Comestibles
 b - 7 rations
 E - 5 chunks of flesh


   Skills:
 + Level 10.9 Fighting
 * Level 7.0 Long Blades
 - Level 9.3 Axes
 + Level 11.1 Dodging


You had 10 spell levels left.
You didn't know any spells.
Your spell library contained the following spells:

 Spells                   Type           Power        Failure   Level  Hunger
 Sting                    Tmut/Pois      #...         45%         1    ##.....
 Poisonous Vapours        Pois/Air       #.....       58%         2    ###....
 Ignite Poison            Fire/Tmut/Pois #.......     83%         3    ####...
 Mephitic Cloud           Conj/Pois/Air  #.......     83%         3    ####...
 Olgreb's Toxic Radiance  Pois           #.......     99%         4    #####..


Dungeon Overview and Level Annotations

Branches:
Dungeon (12/15)            Temple (0/1) D:4            Lair (0/6) D:11
    Orc (2/2) D:10          Sewer (visited)
    Elf: Orc:2

Altars:
Cheibriados
Dithmenos
Gozag
Hepliaklqana
Kikubaaqudgha
Makhleb
Okawaru
Qazlal
Trog
Uskayaw
Vehumet
Wu Jian
Xom
Zin

Shops:
D:5 **   D:6 ?   D:10 [?

Portals:
Gauntlet: D:12

Annotations:
D:2 Natasha, Sigmund
D:5 Menkaure
D:6 1 runed translucent door, paps's ghost, novice MiFi
D:12 1 runed translucent door, Azrael; voshxx's ghost, journeyman DEFE


Innate Abilities, Weirdness & Mutations

You can breathe blasts of noxious fumes.
Your lurid green scales are hard. (AC +7)
You cannot fit into any form of body armour.
Your system is resistant to poisons. (rPois)
You are cold-blooded and may be slowed by cold attacks.
You are dopey. (Int -2)
You passively map a small area around you.
You are robust. (+10% HP)
You are covered in fur. (AC +1)


Message History

Your Long Blades skill increases to level 7!
You hit the orc knight.
The orc knight is heavily wounded.
You barely miss the orc knight.
You tail-slap the orc knight, but do no damage.
The orc knight is heavily wounded.
You are no longer berserk.
Trog's vigour flows through your veins.
You are exhausted.
You feel yourself slow down. The orc knight barely misses you.
You closely miss the orc knight.
You tail-slap the orc knight, but do no damage.
The orc knight is heavily wounded.
The orc knight hits you with a +0 bardiche!
* * * LOW HITPOINT WARNING * * *
Unknown command.
You closely miss the orc knight.
Your tail-slap misses the orc knight.
The orc knight is heavily wounded.
The orc knight hits you with a +0 bardiche!!
You die...

##### ##
####...##..#*
###.#.........
##............. ##
#......@o......
.###
##.....).......
)<รท##
*#.......##...... ,
))).#
*........#*..$...*,
, ....###*#.##...##
..... .#..#.###
##.# ,..#..
..[....####### * ##
. .[..#.#.##.## * *
.#..........#


You could see an orc knight.

Vanquished Creatures
  Gastronok (D:11)
  A two-headed ogre (Orc:2)
  2 ugly things (D:11)
  A yaktaur (shapeshifter) (D:11)
  2 trolls
  A hippogriff (D:12)
  A wraith (D:10)
  A fire elemental (D:11)
  Grum (D:11)
  7 vampire mosquitoes
  A warg (Orc:1)
  A hell hound (D:11)
  Duvessa (D:7)
  A hornet zombie (D:11)
  3 ice beasts
  9 orc warriors
  2 sky beasts
  A black bear (D:6)
  A necrophage (D:9)
  5 ogres
  3 phantoms
  4 wolves (D:11)
  3 centaurs
  An eye of draining (D:11)
  A crocodile (D:12)
  8 big kobolds
  5 bullfrogs
  A gnoll sergeant (D:6)
  A wyvern skeleton (D:10)
  Dowan (D:7)
  11 killer bees (D:10)
  17 wights
  6 howler monkeys
  6 crimson imps
  A quasit (D:12)
  8 hounds
  2 orc priests (Orc:1)
  A jelly (D:12)
  14 orc wizards
  3 iguanas
  Natasha (D:2)
  10 worker ants
  2 hound zombies
  2 hound skeletons
  A worker ant zombie (D:10)
  7 gnolls
  14 adders
  2 river rats (Sewer)
  A shadow imp (D:9)
  4 oozes
  An adder skeleton (D:9)
  9 worms
  6 dart slugs
  4 leopard geckos
  45 orcs
  5 ball pythons
  9 giant cockroaches
  7 goblins
  6 hobgoblins
  25 jackals
  17 kobolds
  4 quokkas
  7 bats
  2 frilled lizards
  A jackal zombie (D:5)
  A quokka skeleton (D:6)
  14 rats
347 creatures vanquished.

Vanquished Creatures (others)
  A bullfrog zombie (D:12)
1 creature vanquished.

Grand Total: 348 creatures vanquished

Notes
Turn   | Place    | Note
-------+----------+-------------------------------------------
     0 | D:1      | Scisco the Draconian Berserker began the quest for the Orb.
     0 | D:1      | Reached XP level 1. HP: 19/19 MP: 1/1
   217 | D:1      | Reached XP level 2. HP: 20/26 MP: 2/2
   328 | D:1      | Reached skill level 3 in Dodging
   573 | D:1      | Reached ** piety under Trog
   826 | D:1      | Reached XP level 3. HP: 30/33 MP: 3/3
  1580 | D:2      | Reached XP level 4. HP: 40/40 MP: 4/4
  1630 | D:2      | Noticed Natasha
  1641 | D:2      | Killed Natasha
  1842 | D:2      | Noticed Natasha
  1857 | D:2      | Noticed Sigmund
  2119 | D:3      | Reached skill level 4 in Dodging
  2119 | D:3      | Reached XP level 5. HP: 47/47 MP: 5/5
  2535 | D:3      | Found a glowing drain.
  2574 | Sewer    | Entered a sewer
  2753 | Sewer    | Reached skill level 5 in Fighting
  2813 | Sewer    | Reached XP level 6. HP: 38/56 MP: 6/6
  2911 | Sewer    | Reached skill level 5 in Dodging
  3046 | Sewer    | Your scales start taking on a lurid green colour.
  3046 | Sewer    | Reached XP level 7. HP: 45/63 MP: 7/7
  3046 | Sewer    | Gained mutation: Your system is resistant to poisons.
                  | (rPois) [Green Draconian growth]
  3257 | Sewer    | Reached *** piety under Trog
  3317 | Sewer    | Reached skill level 6 in Dodging
  3406 | D:4      | Found a staircase to the Ecumenical Temple.
  3876 | D:4      | Reached XP level 8. HP: 71/73 MP: 8/8
  3964 | D:4      | Found a shimmering altar of Xom.
  4378 | D:5      | Entered Level 5 of the Dungeon
  4378 | D:5      | Found an opulent altar of Gozag.
  4379 | D:5      | Found Gozag's Platinum Reserve.
  4516 | D:5      | Found Pito's Assorted Antiques.
  4522 | D:5      | Bought a scroll of identify for 48 gold pieces
  4543 | D:5      | Found an ancient bone altar of Kikubaaqudgha.
  4553 | D:5      | Reached skill level 7 in Dodging
  4825 | D:5      | Found a hide-covered altar of Uskayaw.
  4930 | D:5      | Found a radiant altar of Vehumet.
  4931 | D:5      | Found a burning altar of Makhleb.
  5207 | D:6      | Reached **** piety under Trog
  5503 | D:6      | Reached skill level 8 in Dodging
  5752 | D:6      | Found a runed translucent door.
  5757 | D:6      | Noticed paps's ghost (novice MiFi)
  5841 | D:6      | Found a shadowy altar of Dithmenos.
  5846 | D:6      | Found a glowing silver altar of Zin.
  5911 | D:6      | Found Fohatoso's Magic Scroll Boutique.
  5998 | D:6      | Gained mutation: Your flesh is heat resistant. (rF+)
                  | [potion of mutation]
  5998 | D:6      | Gained mutation: You are robust. (+10% HP) [potion of
                  | mutation]
  5998 | D:6      | Gained mutation: Your spells are a little harder to cast,
                  | but a little more powerful. [potion of mutation]
  6004 | D:6      | Found a snail-covered altar of Cheibriados.
  6073 | D:7      | Reached XP level 9. HP: 66/90 MP: 9/9
  6156 | D:7      | Noticed Menkaure
  6641 | D:6      | Lost mutation: Your flesh is heat resistant. (rF+) [potion
                  | of mutation]
  6641 | D:6      | Lost mutation: Your spells are a little harder to cast, but
                  | a little more powerful. [potion of mutation]
  6641 | D:6      | Gained mutation: You are covered in fur. (AC +1) [potion of
                  | mutation]
  6641 | D:6      | Gained mutation: You are dopey. (Int -2) [potion of
                  | mutation]
  6641 | D:6      | Gained mutation: You passively map a small area around you.
                  | [potion of mutation]
  6698 | D:7      | Reached skill level 5 in Axes
  6807 | D:7      | Found an ornate altar of the Wu Jian Council.
  6811 | D:7      | Found an iron altar of Okawaru.
  6831 | D:7      | Found a bloodstained altar of Trog.
  6877 | D:7      | Noticed Dowan
  6878 | D:7      | Noticed Duvessa
  6886 | D:7      | Killed Dowan
  6899 | D:7      | Killed Duvessa
  7522 | D:7      | Reached skill level 9 in Dodging
  8700 | D:9      | Found a stormy altar of Qazlal.
  8937 | D:9      | Found a hazy altar of Hepliaklqana.
  8967 | D:10     | Entered Level 10 of the Dungeon
  8968 | D:10     | Upgraded the game from 0.25-a0-496-g8c4878dea3 to
                  | 0.25-a0-503-ge281fa673e
  8989 | D:10     | Reached XP level 10. HP: 72/99 MP: 10/10
  9113 | D:10     | Found a staircase to the Orcish Mines.
  9429 | D:10     | Reached skill level 10 in Fighting
  9429 | D:10     | Reached skill level 10 in Dodging
 10221 | D:10     | Found Zuogrok's Antique Armour Emporium.
 10306 | D:10     | Found Gefol's Magic Scroll Emporium.
 10330 | D:10     | Found Qistu's Armour Boutique.
 10338 | D:10     | Bought a +2 pair of boots of flying for 258 gold pieces
 11057 | D:11     | Noticed Grum
 11085 | D:11     | Killed Grum
 11455 | D:11     | Found Uzuihim's General Store.
 11526 | D:11     | Noticed a purple ugly thing
 11539 | D:11     | Killed a purple ugly thing
 11968 | D:11     | Reached ***** piety under Trog
 11968 | D:11     | Received a gift from Trog
 12065 | D:11     | Noticed a brown ugly thing
 12066 | D:11     | Found a staircase to the Lair.
 12076 | D:11     | Killed a brown ugly thing
 12076 | D:11     | Reached skill level 1 in Long Blades
 12076 | D:11     | Reached XP level 11. HP: 111/111 MP: 6/11
 12154 | D:11     | Noticed Gastronok
 12165 | D:11     | Killed Gastronok
 12318 | D:12     | Noticed a tengu warrior
 12329 | D:12     | Noticed a centaur warrior
 12330 | D:12     | Noticed an orc knight
 12342 | D:12     | Found a gate leading to a gauntlet.
 12367 | D:12     | Reached skill level 5 in Long Blades
 12389 | D:12     | Noticed Azrael
 12415 | D:12     | Identified the +6 dire flail of the Eel {drain, rF+}
 12417 | D:12     | Found a runed translucent gate.
 12418 | D:12     | Noticed a centaur warrior
 12419 | D:12     | Noticed voshxx's ghost (journeyman DEFE)
 12433 | D:11     | Reached skill level 11 in Dodging
 12763 | Orc:1    | Entered Level 1 of the Orcish Mines
 13457 | Orc:2    | Entered Level 2 of the Orcish Mines
 13469 | Orc:2    | Noticed a two-headed ogre
 13476 | Orc:2    | Killed a two-headed ogre
 13496 | Orc:2    | Noticed an orc knight
 13576 | Orc:1    | Slain by an orc knight

Levels and vault maps discovered:
D:1:      dpeg_arrival_long_road, layout_basic
D:2:      layout_basic, first_ration, uniq_sigmund, uniq_natasha, uniq_jessica
D:3:      layout_rooms, cheibrodos_sewer_entry_bend
D:4:      layout_loops_ring, minmay_temple_entry_tees, tgw_xom
D:5:      layout_rooms, grunt_temple_overflow_lords_of_destruction,
          nicolae_gozag_zags_fifth_avenue, kiku_gazebo_garden_becter,
          eat_drink_and_be_merry_uskayaw, serial_shops, shop
D:6:      layout_basic, slow_altar_1, minitemple, serial_shops,
          nicolae_shop_trees, serial_glass, glass_columns_b, glass_columns_b,
          gammafunk_ghost_grave
D:7:      layout_rooms, okawaru_metal_pillars_1_2, bloody_trog, kennysheep_mini,
          uniq_menkaure, uniq_duvessa
D:8:      layout_cave_pools
D:9:      layout_roguey, nicolae_qazlal_eye_of_the_storm, marbit_many_paths,
          grunt_pizzeria
D:10:     layout_basic, david_orc_2, serial_shops, kennysheep_mini_moat,
          nicolae_shop_stone, nicolae_shop_crystal
D:11:     layout_roguey, lair_entry_dummy, serial_shops,
          nicolae_shop_window_shopping, st_stairs_8, uniq_gastronok, uniq_grum
D:12:     layout_cave_pools, gauntlet_entry_generic,
          gammafunk_ghost_fury_of_okawaru, uniq_azrael
Orc:1:    layout_caves
Orc:2:    pf_orc_diabolical, layout_diamond_mine, serial_shops, shop

Skill      XL: |  1  2  3  4  5  6  7  8  9 10 11 |
---------------+----------------------------------+-----
Dodging        | 3 4 5 6 8 9 10 11 | 11.1
Fighting       | 4 5 6 7 8 9 10 | 10.9
Axes           | 4 7 9 |  9.3
Long Blades    | 1 7 |  7.0

Action                   |  1- 3 |  4- 6 |  7- 9 | 10-12 || total
-------------------------+-------+-------+-------+-------++-------
Melee: Hand axe          |   127 |   256 |   504 |   280 ||  1167
       Tailslap          |    14 |    36 |   101 |    94 ||   245
       Flail             |       |       |   202 |   116 ||   318
       Great sword       |       |       |       |   137 ||   137
Invok: Trog's Hand       |     1 |     7 |    11 |    14 ||    33
       Berserk           |     1 |     1 |     8 |    14 ||    24
  Use: Potion            |       |       |    13 |     3 ||    16
       Scroll            |       |       |    10 |     4 ||    14
  Eat: Chunk             |     4 |     7 |    18 |    11 ||    40
       Ration            |       |     1 |     3 |     7 ||    11
Armor: Skin              |    40 |    45 |   254 |   227 ||   566
Dodge: Dodged            |    83 |   144 |   726 |   738 ||  1691
       Rpst.: Great sword |       |       |       |    89 ||    89

Table legend:
 A = Non-vault XP
 B = Vault XP
 C = Vault XP percentage of total XP
 D = Non-vault monster count
 E = Vault monster count
 F = Vault count percentage of total count
                 A         B        C        D         E       F
            +---------+---------+-------+---------+---------+-------
      Total |   13571 |    4594 |  25.3 |     297 |      50 |  14.4
            +---------+---------+-------+---------+---------+-------
        D:1 |      55 |       0 |   0.0 |      29 |       0 |   0.0
        D:2 |      61 |      35 |  36.5 |      18 |       1 |   5.3
        D:3 |      77 |      11 |  12.5 |      18 |       2 |  10.0
        D:4 |     510 |      14 |   2.7 |      21 |       2 |   8.7
        D:5 |     329 |      48 |  12.7 |      21 |       1 |   4.5
        D:6 |     817 |       5 |   0.6 |      24 |       1 |   4.0
        D:7 |    1397 |     213 |  13.2 |      41 |       2 |   4.7
        D:8 |     527 |       0 |   0.0 |       9 |       0 |   0.0
        D:9 |     437 |     133 |  23.3 |       8 |       1 |  11.1
       D:10 |    3101 |      12 |   0.4 |      51 |       4 |   7.3
       D:11 |    3045 |    3341 |  52.3 |      20 |       8 |  28.6
       D:12 |    1469 |       0 |   0.0 |      16 |       0 |   0.0
      Orc:1 |     861 |       0 |   0.0 |      19 |       0 |   0.0
      Orc:2 |     885 |       0 |   0.0 |       2 |       0 |   0.0
      Sewer |       0 |     782 | 100.0 |       0 |      28 | 100.0
            +---------+---------+-------+---------+---------+-------
